 Dungeon Crawl Stone Soup version 0.23-a0-405-g368ce00 (webtiles) character file.

2728 EvilAliv3 the Fighter (level 9, 0/73 (74) HPs)
             Began as a Demonspawn Wanderer on Nov 6, 2018.
             Succumbed to a big kobold's poison
             ... on level 8 of the Dungeon.
             The game lasted 00:34:10 (7488 turns).

EvilAliv3 the Fighter (Demonspawn Wanderer)         Turns: 7488, Time: 00:34:10

HP:   0/73 (74)     AC: 23    Str: 17    XL:     9   Next: 40%
MP:   18/18         EV: 11    Int: 20    God:
Gold: 267           SH:  0    Dex:  9    Spells: 8/8 levels left

rFire    . . .     SeeInvis .   a - +9 long sword "Xonesm" {drain, rElec Int+4 Dex-2}
rCold    . . .     Gourm    .   (no shield)
rNeg     . . .     Faith    .   w - +0 scale mail
rPois    .         Spirit   .   (no helmet)
rElec    +         Reflect  .   z - +2 cloak
rCorr    .         Harm     .   j - +1 pair of gloves
MR       .....                  k - +0 pair of boots
Stlth    ++........             (no amulet)
HPRegen  0.22/turn              D - ring of magical power
MPRegen  0.16/turn              A - +2 ring of intelligence

@: lethally poisoned (0 -> -3), sanguine armour
A: demonic guardian 2, nightstalker 1, sanguine armour 2
a: no special abilities


You were on level 8 of the Dungeon.
You were not hungry.

You visited 1 branch of the dungeon, and saw 8 of its levels.

You collected 402 gold pieces.
You spent 135 gold pieces at shops.

Inventory:

Hand Weapons
 a - the +9 long sword "Xonesm" (weapon) {drain, rElec Int+4 Dex-2}
   (You found it on level 6 of the Dungeon)

   A truly terrible weapon, it drains the life of those it strikes.
   It affects your intelligence (+4).
   It affects your dexterity (-2).
   It insulates you from electricity.
 b - a +1 short sword
Missiles
 p - a throwing net (quivered)
Armour
 j - a +1 pair of gloves (worn)
 k - a +0 pair of boots (worn)
 s - a +0 chain mail
 w - a +0 scale mail (worn)
 z - a +2 cloak (worn)
Jewellery
 h - an uncursed amulet of harm {unknown}
 y - an uncursed ring of protection from cold
 A - a +2 ring of intelligence (right hand)
 D - a ring of magical power (left hand)
Wands
 B - a wand of paralysis (9)
Scrolls
 f - 3 scrolls of identify
 g - a scroll of magic mapping
 l - a scroll of blinking
 n - 3 scrolls of remove curse
 o - a scroll of teleportation
Potions
 i - 2 potions of curing
 q - a potion of brilliance {unknown}
 r - a potion of lignification
 t - 2 potions of heal wounds
 v - a potion of agility
 x - a potion of might
Comestibles
 c - 3 chunks of flesh
 d - 11 rations


   Skills:
 + Level 8.0 Fighting
 * Level 3.1 Short Blades
   Level 1.0(1.5) Axes
   Level 1.7(1.9) Maces & Flails
 - Level 1.0 Throwing
 + Level 5.8 Armour
 + Level 4.8 Dodging
 + Level 5.4 Stealth


You had 8 spell levels left.
You didn't know any spells.
Your spell library contained the following spells:

 Spells                   Type           Power        Failure   Level  Hunger
 Confusing Touch          Hex            #.....       52%         1    ##.....
 Confuse                  Hex            #.......     87%         3    ####...
 Gell's Gravitas          Tloc           #.........   87%         3    ####...
 Petrify                  Tmut/Erth      #.......     99%         4    #####..
 Metabolic Englaciation   Hex/Ice        #.........   100%        5    ######.
 Yara's Violent Unravell  Hex/Tmut       #.........   100%        5    ######.


Dungeon Overview and Level Annotations

Branches:
Dungeon (8/15)             Temple (0/1) D:5
   Lair: D:8-11

Altars:
Dithmenos
Elyvilon
Fedhas
Gozag
Makhleb
Nemelex Xobeh
Sif Muna

Shops:
D:5 [


Innate Abilities, Weirdness & Mutations

A demonic guardian rushes to your aid.
You are slightly more attuned to the shadows.
When seriously injured, your bleeding wounds create thick armour. (AC +9)


Message History

There is a lethal amount of poison in your body!
Your surroundings suddenly seem different.
* * * LOW HITPOINT WARNING * * *
You feel sick.
* * * LOW HITPOINT WARNING * * *
You feel sick.
* * * LOW HITPOINT WARNING * * *
You feel sick.
* * * LOW HITPOINT WARNING * * *
You feel sick.
Found a scroll of magic mapping.
* * * LOW HITPOINT WARNING * * *
You feel sick.
You feel yourself speed up.
* * * LOW HITPOINT WARNING * * *
You feel sick.
Found a ration.
* * * LOW HITPOINT WARNING * * *
You feel sick.
You die...

...##.......#....,,,****
...##.#.....#....,*,,,**
......#.........,,***,,**
.......##......#,,,##*.,*
.....####...#..##.,.#..,*
......####..#..#.?.....,**
..#.........##..##.....,,*
..###......###.........***
..,*####..###...@....#**
..#* ##..............#* ..##
#................*
...####.#.##...........**
...##.....##...........,*
...##.....#.........#..,*
......#............%#..,****
......##....##.......,,,,,,*
...#..###............,,,,,,*


There were no monsters in sight!

Vanquished Creatures
  A spriggan (D:7)
  A sky beast (D:8)
  An orc warrior (D:7)
  5 ogres
  A necrophage (D:5)
  A centaur (D:7)
  A big kobold (D:8)
  3 bullfrogs
  3 scorpions
  A centaur zombie (D:6)
  A bullfrog zombie (D:5)
  A bullfrog skeleton (D:6)
  2 orc priests
  A centaur skeleton (D:5)
  2 jellies
  3 orc wizards
  2 worker ants
  Natasha (D:2)
  A hound zombie (D:8)
  3 hound skeletons
  4 gnolls
  9 adders
  2 shadow imps
  2 oozes
  An adder skeleton (D:5)
  2 worms
  6 dart slugs
  6 leopard geckos
  9 orcs
  6 bats
  5 giant cockroaches
  5 goblins
  7 hobgoblins
  6 jackals
  2 quokkas
  A ball python skeleton (D:4)
  6 frilled lizards
  3 giant cockroach zombies
  14 kobolds
  A leopard gecko zombie (D:5)
  7 rats
139 creatures vanquished.

Vanquished Creatures (collateral kills)
  A two-headed ogre (D:5)
  2 orc warriors
  An ogre (D:4)
  A centaur (D:5)
  A water moccasin skeleton (D:4)
  A scorpion (D:5)
  A crimson imp (D:5)
  An orc priest (D:7)
  An orc wizard (D:6)
  3 gnolls (D:2)
  An orc (D:6)
  A bat (D:2)
  A giant cockroach (D:2)
  A goblin (D:2)
17 creatures vanquished.

Grand Total: 156 creatures vanquished

Notes
Turn   | Place    | Note
-------+----------+-------------------------------------------
     0 | D:1      | EvilAliv3 the Demonspawn Wanderer began the quest for the
                  | Orb.
     0 | D:1      | EvilAliv3 set off with the following items: a +2 mace, a
                  | potion of curing, a +0 ring mail, a ration
     0 | D:1      | Reached XP level 1. HP: 16/16 MP: 1/1
   237 | D:1      | Gained mutation: You are slightly more attuned to the
                  | shadows. [demonic ancestry]
   237 | D:1      | Reached XP level 2. HP: 15/23 MP: 2/2
   399 | D:1      | Reached skill level 3 in Fighting
   505 | D:1      | Gained mutation: A weak demonic guardian rushes to your
                  | aid. [demonic ancestry]
   505 | D:1      | Reached XP level 3. HP: 7/29 MP: 3/3
   933 | D:2      | Found a sparkling altar of Nemelex Xobeh.
  1461 | D:2      | Gained mutation: When seriously injured, your bleeding
                  | wounds create armour. (AC +9) [demonic ancestry]
  1461 | D:2      | Reached XP level 4. HP: 35/35 MP: 4/4
  1654 | D:2      | Found a shadowy altar of Dithmenos.
  1680 | D:2      | Reached skill level 1 in Dodging
  1808 | D:2      | Noticed Natasha
  1818 | D:2      | Killed Natasha
  1818 | D:2      | Reached skill level 4 in Fighting
  1818 | D:2      | Reached XP level 5. HP: 17/42 MP: 5/5
  1973 | D:2      | Found a deep blue altar of Sif Muna.
  2117 | D:3      | Found a burning altar of Makhleb.
  2954 | D:4      | Found a white marble altar of Elyvilon.
  2965 | D:4      | Noticed an ogre
  3008 | D:4      | Found a blossoming altar of Fedhas.
  3125 | D:4      | Killed an ogre
  3125 | D:4      | Reached XP level 6. HP: 49/49 MP: 6/6
  3310 | D:4      | Reached skill level 5 in Fighting
  3726 | D:4      | Found an opulent altar of Gozag.
  3828 | D:5      | Entered Level 5 of the Dungeon
  4017 | D:5      | Gained mutation: A demonic guardian rushes to your aid.
                  | [demonic ancestry]
  4017 | D:5      | Reached XP level 7. HP: 56/56 MP: 7/7
  4479 | D:5      | Found a staircase to the Ecumenical Temple.
  4536 | D:5      | Noticed a two-headed ogre
  4614 | D:5      | Found Kuwee's Antique Armour Shop.
  4621 | D:5      | Bought a runed cloak for 135 gold pieces
  4691 | D:5      | Killed a two-headed ogre
  4691 | D:5      | Reached skill level 6 in Fighting
  4691 | D:5      | Gained mutation: When seriously injured, your bleeding
                  | wounds create thick armour. (AC +9) [demonic ancestry]
  4691 | D:5      | Reached XP level 8. HP: 50/64 MP: 8/8
  5165 | D:6      | Reached skill level 5 in Armour
  5168 | D:6      | Reached skill level 7 in Fighting
  5994 | D:6      | Got a transparent long sword
  6254 | D:7      | Identified the +9 long sword "Xonesm" {drain, rElec Int+4
                  | Dex-2} (You found it on level 6 of the Dungeon)
  6445 | D:7      | Reached skill level 1 in Short Blades
  6484 | D:7      | Reached skill level 5 in Stealth
  6484 | D:7      | Reached XP level 9. HP: 50/72 MP: 9/9
  7416 | D:8      | Reached skill level 8 in Fighting
  7483 | D:8      | HP: 3/73 [poisoned by a big kobold]
  7486 | D:8      | HP: 1/73 [poisoned by a big kobold]
  7488 | D:8      | Succumbed to a big kobold's poison

Vault maps used:
D:1:      minmay_arrival_doors, minmay_close_crescents
D:2:      led_sif_pool, nemelex_xobeh_ov_fountains_minmay, old_standard_altar,
          uniq_natasha
D:3:      bloody_makhleb, first_ration
D:4:      nicolae_gozag_cash_rules_everything_around_me, fedhas_ov_isle_minmay,
          elyvilon_altar_3
D:5:      minmay_temple_entry_mist, serial_shops, nicolae_shop_stone
D:7:      the_bakery

Skill      XL: |  1  2  3  4  5  6  7  8  9 |
---------------+----------------------------+-----
Armour         | 3 4 5 |  5.8
Fighting       | 3 4 5 6 7 8 |  8.0
Dodging        | 1 2 3 4 |  4.8
Stealth        | 2 4 5 |  5.4
Short Blades   | 1 3 |  3.1
Axes           | |  1.0
Maces & Flails | |  1.7
Throwing       | |  1.0

Action                   |  1- 3 |  4- 6 |  7- 9 || total
-------------------------+-------+-------+-------++-------
Melee: Mace              |   150 |   150 |   196 ||   496
       Long sword        |       |       |    71 ||    71
  Use: Scroll            |       |       |    14 ||    14
 Stab: Sleeping          |     3 |    10 |    10 ||    23
       Distracted        |     1 |       |       ||     1
  Eat: Chunk             |     2 |     7 |    13 ||    22
Armor: Ring mail         |    61 |    62 |   115 ||   238
       Scale mail        |       |       |    36 ||    36
Dodge: Dodged            |    90 |   107 |   219 ||   416
       Rpst.: Long sword |       |       |    19 ||    19

Table legend:
 A = Non-vault XP
 B = Vault XP
 C = Vault XP percentage of total XP
 D = Non-vault monster count
 E = Vault monster count
 F = Vault count percentage of total count
                 A         B        C        D         E       F
            +---------+---------+-------+---------+---------+-------
      Total |    3641 |     257 |   6.6 |     150 |       6 |   3.8
            +---------+---------+-------+---------+---------+-------
        D:1 |      37 |       7 |  15.9 |      22 |       4 |  15.4
        D:2 |     132 |      35 |  21.0 |      29 |       1 |   3.3
        D:3 |      64 |       0 |   0.0 |      12 |       0 |   0.0
        D:4 |     337 |       0 |   0.0 |      14 |       0 |   0.0
        D:5 |    1115 |       0 |   0.0 |      24 |       0 |   0.0
        D:6 |     724 |       0 |   0.0 |      21 |       0 |   0.0
        D:7 |     813 |     215 |  20.9 |      14 |       1 |   6.7
        D:8 |     419 |       0 |   0.0 |      14 |       0 |   0.0
            +---------+---------+-------+---------+---------+-------
